 Dungeon Crawl Stone Soup version 0.31.0-11-ge490571c62 (webtiles) character file.

Game seed: 102180240176696391

56 hadoken the Digger (level 3, -3/28 HPs)
             Began as a Draconian Earth Elementalist on Jan 27, 2024.
             Killed from afar by an orc wizard (5 damage)
             ... with a magic dart
             ... on level 3 of the Dungeon.
             The game lasted 00:04:02 (2263 turns).

hadoken the Digger (Draconian Earth Elementalist)   Turns: 2263, Time: 00:04:02

Health: -3/28      AC:  5    Str:  9    XL:     3   Next: 71%
Magic:  6/6        EV: 12    Int: 19    God:
Gold:   87         SH:  0    Dex: 10    Spells: 2/6 levels left

rFire   . . .        b - staff of earth
rCold   . . .        j - orb {mayhem}
rNeg    . . .        (body armour unavailable)
rPois   .            (helmet restricted)
rElec   .            (no cloak)
rCorr   .            (no gloves)
SInv    .            (no boots)
Will    .....        (no amulet)
Stlth   +            l - ring of wizardry
HPRegen 0.24/turn    (no ring)
MPRegen 0.10/turn

%: mayhem, wizardry (x1)
@: confused
A: AC +5, unfitting armour, cold-blooded, clever 1, weak 1
a: no special abilities


You were on level 3 of the Dungeon.
You visited 1 branch of the dungeon, and saw 3 of its levels.

You collected 87 gold pieces.

Inventory:

Armour
 h - an orb of guile
 i - an orb of light
 j - an orb of mayhem (worn)
Magical Staves
 b - a staff of earth (weapon)
Jewellery
 f - an amulet of guardian spirit
 l - a ring of wizardry (left hand)
Wands
 g - a wand of iceblast (12)
Scrolls
 e - a scroll of amnesia {unknown}
 k - a scroll of noise {unknown}
Potions
 a - a potion of magic
 d - a potion of berserk rage {unknown}


   Skills:
 + Level 1.0 Fighting
 - Level 1.8 Dodging
 - Level 1.8 Stealth
 + Level 2.2 Spellcasting
 - Level 1.0 Conjurations
 + Level 4.3 Earth Magic


You had 2 spell levels left.
You knew the following spells:

 Your Spells              Type           Power      Damage    Failure   Level
a - Sandblast             Erth           56%        2d13      1%          1
b - Stone Arrow           Conj/Erth      36%        3d9       6%          3

Your spell library contained the following spells:

 Spells                   Type           Power      Damage    Failure   Level
 Passwall                 Erth           28%        N/A       3%          3
 Brom's Barrelling Bould  Conj/Erth      18%        2d4       21%         4
 Petrify                  Alch/Erth      15%        N/A       26%         4


Dungeon Overview and Level Annotations

Branches:
Dungeon (3/15)

Altars:


Innate Abilities, Weirdness & Mutations

Your plain brown scales are hard. (AC +5)
You cannot fit into any form of body armour.
You are cold-blooded and may be slowed by cold attacks.
Your mind is acute. (Int +4, Str/Dex -1)
You are weak. (Str -2)


Message History

You see here a frilled lizard corpse.
You see here a human skeleton.
You see here a human skeleton.
You see here a human skeleton.
You see here a +0 dagger.
You now have 87 gold pieces (gained 11).
As you open the door, it creaks loudly!
An orc wizard comes into view. It is wielding a +0 dagger.
The orc wizard shouts!
An orc comes into view. It is wielding a +0 flail.
There are monsters nearby!
l - a ring of wizardry (left hand)
The orc wizard gestures at you while chanting.
The magic dart hits you!
Okay, then.
The orc wizard casts a spell at you.
You are confused.
You hear a shout!
There is an open door here.
You are too confused!
You're too confused to cast spells.
Sorry, you're not good enough to have a special ability.
You bump into the rock wall.
You hear a shout! x3
The orc wizard gestures at you while chanting.
You are more confused.
An orc comes into view. It is wielding a +0 club.
The orc shouts!
You bump into the rock wall.
The orc wizard gestures at you while chanting.
The puff of flame hits you!
You bump into the rock wall.
The orc wizard points at you and mumbles some strange words.
The puff of flame hits you!
* * * LOW HITPOINT WARNING * * *
It was a potion of mutation.
You feel extremely strange.
You feel clever.
You feel weaker. The orc wizard casts a spell at you. The magic dart hits you.
You die...

####### #.....#
##### #.....# #...#
#.....# #...#
#.....# #...#
#.....###...#
########...........#
....ooo'...........#
...#####@..........#
####........###
######...+.#
#........#.#
###....)..#.####
##.####....'.....
##÷....##...#..###
##.÷#..÷.##.>##.#
#..#####....###.#


You could see an orc wizard and 2 orcs.

Vanquished Creatures
  A gnoll (D:1)
  A dart slug (D:2)
  5 endoplasms
  2 giant cockroaches
  5 goblins
  5 hobgoblins
  5 jackals
  2 kobolds
  A quokka (D:1)
  3 ball pythons
  5 bats
  2 frilled lizards
  2 rats (D:1)
39 creatures vanquished.

Notes
Turn   | Place    | Note
-------+----------+-------------------------------------------
     0 | D:1      | hadoken the Draconian Earth Elementalist began the quest
                  | for the Orb.
     0 | D:1      | Reached XP level 1. HP: 14/14 MP: 3/3
   277 | D:1      | Reached XP level 2. HP: 20/20 MP: 0/5
   393 | D:1      | Reached skill level 4 in Earth Magic
   772 | D:1      | Reached XP level 3. HP: 26/26 MP: 4/6
   988 | D:2      | Learned a level 3 spell: Stone Arrow
  1307 | D:2      | Found a faded altar of an unknown god.
  2106 | D:3      | Reached skill level 1 in Fighting
  2262 | D:3      | HP: 1/28 [orc wizard/puff of flame (9)]
  2263 | D:3      | Gained mutation: Your mind is acute. (Int +4, Str/Dex -1)
                  | [potion of mutation]
  2263 | D:3      | Gained mutation: You are weak. (Str -2) [potion of
                  | mutation]
  2263 | D:3      | Killed from afar by an orc wizard

Illustrated notes

Levels and vault maps discovered:
D:1:      dpeg_arrival_oval, layout_basic, serial_aquarium,
          aquarium_bridge_square [aquarium_subvault_bridge,
          aquarium_subvault_bridge, aquarium_subvault_bridge,
          aquarium_subvault_bridge], aquarium_window_1, aquarium_window_1,
          aquarium_view_4, aquarium_balcony_3b, hex_large, minmay_tromino_v4_b
D:2:      layout_loops_ring, hellmonk_ecumenical_altar_crossroads,
          nrook_campfire
D:3:      layout_basic, led_sif_pool, minmay_strange_pillars,
          wander_ebering_terrifying_dragon_lair

Skill      XL: |  1  2  3 |
---------------+----------+-----
Earth Magic    | 4 |  4.3
Fighting       | 1 |  1.0
Dodging        | |  1.8
Stealth        | |  1.8
Spellcasting   | |  2.2
Conjurations   | |  1.0

Action                     || total
---------------------------++-------
  Melee: Staff             ||    61
         Tailslap          ||     4
   Cast: Sandblast         ||    44
    Use: Potion            ||     1
 Armour: Skin              ||    45
  Dodge: Dodged            ||    58
